 Dungeon Crawl Stone Soup version 0.22.1-2-g9c5b331 (console) character file.

27290 utis the Nimble (level 13, 61/61 HPs)
             Began as a Felid Venom Mage on Nov 18, 2018.
             Was the Champion of Okawaru.
             Quit the game on level 5 of the Lair of Beasts.
             The game lasted 01:55:05 (31474 turns).

utis the Nimble (Felid Venom Mage)                 Turns: 31474, Time: 01:55:05

Health: 61/61      AC:  3    Str:  6    XL:     13   Next: 3%
Magic:  30/30      EV: 29    Int: 19    God:    Okawaru [******]
Gold:   749        SH:  0    Dex: 17    Spells: 0/22 levels left
                                        Lives:  1   Deaths: 2

rFire    . . .     SeeInvis +     - Unarmed
rCold    + . .     Gourm    .   (shield unavailable)
rNeg     . . .     Faith    .   (armour unavailable)
rPois    .         Spirit   .   (helmet unavailable)
rElec    .         Reflect  .   (cloak unavailable)
rCorr    .         Harm     .   (gloves unavailable)
MR       +....                  (boots unavailable)
Stlth    ++++......             n - amulet of magic regeneration {=f}
HPRegen  0.20/turn              W - ring of magical power
MPRegen  0.47/turn              Q - ring of stealth

@: quick
A: very small, no armour, no weapons or thrown items, stealth, claws 1, fangs 3,
see invisible, carnivore, speed 1, shaggy fur 3, slow metabolism 1, sharp paws
a: Heroism, Finesse, Renounce Religion


You were on level 5 of the Lair of Beasts.
You worshipped Okawaru.
Okawaru was exalted by your worship.
You were completely stuffed.

You visited 3 branches of the dungeon, and saw 17 of its levels.
You also visited: Ossuary and Bailey.

You collected 1420 gold pieces.
You spent 671 gold pieces at shops.

Inventory:

Hand Weapons
 p - the +8 frozen axe "Frostbite" {freezing cloud, *Noise +Fly rC+}
   (You found it on level 5 of the Dungeon)

   It has been specially enchanted to freeze those struck by it, causing extra
   injury to most foes and up to half again as much damage against particularly
   susceptible opponents.
   It can also slow down cold-blooded creatures.
   It protects you from cold.
   It lets you fly.
   It may make noises in combat.
Armour
 r - a +0 pair of boots
 t - a +0 helmet
 u - the +1 chain mail "Poyr" {Str+4, unknown}
   (You found it on level 6 of the Dungeon)

   It affects your strength (+4).
 L - a +0 pair of gloves
 M - a scarf of spirit shield
 R - a +0 pair of gloves
 S - a scarf of resistance
 T - a +0 pair of gloves
Jewellery
 n - an amulet of magic regeneration (around neck) {=f}
 H - an uncursed amulet of faith {!P}
 N - an uncursed ring of positive energy
 Q - a ring of stealth (right paw)
 W - a ring of magical power (left paw)
Wands
 h - a wand of polymorph (31)
 i - a wand of enslavement (13)
 s - a wand of paralysis (12)
 E - a wand of clouds (5)
 F - a wand of digging (25)
 G - a wand of iceblast (2)
Scrolls
 a - 4 scrolls of fog
 j - 2 scrolls of teleportation {@r4}
 k - 4 scrolls of remove curse {@r2}
 q - 3 scrolls of magic mapping
 x - 6 scrolls of identify {@r1}
 y - 3 scrolls of random uselessness {unknown}
 C - 3 scrolls of blinking
 D - a scroll of fear {unknown}
 K - a scroll of acquirement {unknown}
 O - 2 scrolls of amnesia {unknown}
Potions
 c - 3 potions of brilliance
 d - 2 potions of mutation {!q}
 e - a potion of resistance
 f - 2 potions of might
 g - 2 potions of berserk rage {!q}
 l - 5 potions of curing {@q1}
 m - a potion of ambrosia
 o - a potion of agility
 z - a potion of magic
 A - 4 potions of invisibility
 B - 2 potions of haste {@q3}
 J - a potion of heal wounds {@q2}
Miscellaneous
 v - a fan of gales
 w - a phial of floods
 I - a box of beasts
Comestibles
 b - 52 rations
 P - 2 chunks of flesh


   Skills:
 + Level 9.8 Fighting
 + Level 12.8 Dodging
 - Level 2.6 Stealth
 + Level 10.0 Unarmed Combat
 - Level 5.2 Spellcasting
 - Level 8.5 Conjurations
 - Level 4.5 Hexes
 - Level 2.7 Air Magic
 - Level 9.6 Poison Magic
 - Level 9.3 Invocations
 - Level 2.0 Evocations


You couldn't memorise any spells.
You knew the following spells:

 Your Spells              Type           Power        Failure   Level  Hunger
b - Venom Bolt            Conj/Pois      #####.....   9%          5    #####..
d - Magic Dart            Conj           ####         1%          1    None
o - Confusing Touch       Hex            ###...       1%          1    None
p - Mephitic Cloud        Conj/Pois/Air  ####....     1%          3    ##.....
v - Blink                 Tloc           N/A          19%         2    None
z - Sting                 Conj/Pois      ####         1%          1    None
W - Ignite Poison         Fire/Tmut/Pois ###.....     10%         3    ##.....
X - Olgreb's Toxic Radia  Pois           #####...     2%          4    ####...
Y - Poisonous Vapours     Pois/Air       ####..       1%          2    None

Your spell library contained the following spells:

 Spells                   Type           Power        Failure   Level  Hunger
 Slow                     Hex            ###.....     2%          2    None
 Confuse                  Hex            ###.....     5%          3    ##.....
 Conjure Flame            Conj/Fire      ###.....     6%          3    ##.....
 Infusion                 Chrm           #...         12%         1    None
 Call Imp                 Summ           #.......     19%         2    None
 Shroud of Golubria       Chrm/Tloc      #.........   19%         2    None
 Song of Slaying          Chrm           #.......     19%         2    None
 Sublimation of Blood     Necr           #.........   19%         2    None
 Cause Fear               Hex            ###.......   19%         4    ####...
 Gell's Gravitas          Tloc           #.........   36%         3    ##.....
 Regeneration             Chrm/Necr      #.........   36%         3    ##.....
 Alistair's Intoxication  Tmut/Pois      ###.....     43%         5    #####..
 Irradiate                Conj/Tmut      ###.......   52%         5    #####..
 Silence                  Hex/Air        ###.......   58%         5    #####..
 Petrify                  Tmut/Erth      #.......     77%         4    ####...
 Metabolic Englaciation   Hex/Ice        ##........   78%         5    #####..
 Yara's Violent Unravell  Hex/Tmut       ##........   78%         5    #####..
 Deflect Missiles         Chrm/Air       ##........   100%        6    #######
 Discord                  Hex            ###.......   100%        8    #######
 Spectral Weapon          Hex/Chrm       Unusable     N/A         3    N/A

Dungeon Overview and Level Annotations

Branches:
Dungeon (10/15)            Temple (1/1) D:4            Lair (6/6) D:9
 Shoals (0/4) Lair:2       Spider (0/4) Lair:4        Slime (0/5) Lair:5
    Orc (0/2) D:10

Altars:
Ashenzari
Cheibriados
Dithmenos
Elyvilon
Fedhas
Gozag
Hepliaklqana
Kikubaaqudgha
Makhleb
Nemelex Xobeh
Okawaru
Qazlal
Ru
Sif Muna
Trog
Uskayaw
Vehumet
Wu Jian
Xom
Yredelemnul
Zin
The Shining One

Shops:
D:5 =   D:7 !

Annotations:
D:6 exclusion: 2 downstairs
D:8 1 runed door, Jaiteiro's ghost, novice HaHu; Psyche
D:10 4 runed doors
Lair:5 exclusion: 3 oklob plants


Innate Abilities, Weirdness & Mutations

You cannot wear armour.
You are incapable of wielding weapons or throwing items.
Your paws allow you to move quietly. (Stealth)
You have sharp claws.
You have razor-sharp teeth.
You have supernaturally acute eyesight. (SInv)
You are carnivorous and can eat meat at any time.
You cover ground quickly.
Your thick and shaggy fur keeps you warm. (AC +3, rC+)
You have a slow metabolism.
Your sharp claws are effective at attacking unaware monsters.


Message History

Unknown command.
Unknown command.
Okay, then.
Unknown command.
Saving game... please wait.
Level annotation: exclusion: 3 oklob plants Lua error: /dgldir/rcfiles/crawl-0.22/utis.rc:580: unexpected symbol near '#' Welcome back, utis the Felid Venom Mage.
Okawaru says: Bring me glory in combat!
Press ? for a list of commands and other information.
Unknown command.
Okay, then.
Unknown command.
Are you sure you want to abandon this character and quit the game? (Confirm
Okay, then.
Unknown command.
Unknown command.
Unknown command.
Unknown command.
Are you sure you want to abandon this character and quit the game? (Confirm

..░░░.....░░░░..........░░.░.░.⚵.
...░░.....░░.░.........░░░░..░░░░
...░░.........░.........░ ░░..░ ░
.⚶...⚵.........<........░ ░░.░░
...........░░⚶.........░░ ░..░
░░..░...⚵.░░░░.░........░░░⚶.░░░░
░░░░░..░░░ ░░........░.░.....⚵.
░...░ ░.................. ░░..░░░
░.h.⚵⚶░░⚶░⚶...░░.➘. ░....░
░..░░░░░░░⚶..░░░░.. ░.<.░░░
░..░░░ ░░.░.░ ░░░ ░░░ ░..[.[░░
░....░ ░..░░
░░.░░░.[....░░░...░░░░░░░..░░░░░░
..░░░................░░.....░.░░.
.................................
.░░░/........................░...
░░ ░⚵..........>.............░...


There were no monsters in sight!

Vanquished Creatures
  2 entropy weavers (Lair:4)
  Harold (D:7)
  5 hydras
  2 catoblepae
  2 two-headed ogres
  Erica (D:8)
  A queen ant (Lair:4)
  A death yak (Lair:4)
  An unseen horror (D:10)
  A lindwurm (Lair:5)
  7 elephants
  An ugly thing (D:9)
  4 black mambas
  Joseph (D:7)
  2 komodo dragons
  8 spiny frogs
  A rime drake (Lair:5)
  A wind drake (Lair:5)
  A troll (D:9)
  3 meliai (Lair:5)
  A queen bee (Lair:5)
  3 slime creatures
  6 hippogriffs
  23 blink frogs
  A spriggan (D:8)
  A vampire (D:10)
  2 wyverns
  40 yaks
  A basilisk (Lair:5)
  2 steam dragons (Lair:5)
  A warg (D:10)
  10 water moccasins
  18 soldier ants (Lair:4)
  9 porcupines
  Duvessa (D:7)
  11 orc warriors
  A sky beast (D:7)
  A phantom (D:8)
  3 black bears
  4 ogres
  5 centaurs
  4 wolves (Lair:5)
  2 crocodiles
  A big kobold (D:7)
  8 bullfrogs
  2 elf zombies (Ossuary)
  A wyvern skeleton (D:10)
  Dowan (D:7)
  2 scorpions
  47 killer bees
  3 howler monkeys
  4 wights (D:10)
  A bullfrog zombie (D:10)
  3 jellies
  A centaur zombie (D:8)
  2 human zombies (Ossuary)
  A centaur skeleton (D:8)
  8 hounds
  5 orc priests
  5 iguanas
  6 orc wizards
  2 hell rats (Lair:5)
  17 worker ants
  A big kobold zombie (Ossuary)
  4 mummies (Ossuary)
  2 worker ant zombies
  6 gnolls
  A river rat (Lair:5)
  7 adders
  2 shadow imps
  An adder zombie (D:9)
  4 worms
  A dart slug (D:2)
  3 leopard geckos
  34 orcs
  3 ball pythons
  8 giant cockroaches
  A gnoll zombie (Ossuary)
  10 hobgoblins
  6 jackals
  26 kobolds
  3 quokkas
  11 bats
  2 frilled lizards (D:2)
  A giant cockroach zombie (D:5)
  15 goblins
  A goblin zombie (Ossuary)
  2 jackal zombies (Ossuary)
  12 rats
  3 rat zombies (Ossuary)
  A butterfly (Lair:2)
487 creatures vanquished.

Vanquished Creatures (collateral kills)
  A hydra (Lair:4)
  A black mamba (Lair:4)
  A soldier ant (Lair:4)
3 creatures vanquished.

Vanquished Creatures (others)
  5 bushes (Lair:3)
  17 fungi
  28 plants
50 creatures vanquished.

Grand Total: 540 creatures vanquished

Notes
Turn   | Place    | Note
-------+----------+-------------------------------------------
     0 | D:1      | utis the Felid Venom Mage began the quest for the Orb.
     0 | D:1      | Reached XP level 1. HP: 7/7 MP: 4/4
   163 | D:1      | Reached XP level 2. HP: 11/11 MP: 4/6
   198 | D:1      | Learned a level 2 spell: Poisonous Vapours
  1567 | D:1      | Reached XP level 3. HP: 14/14 MP: 0/7
  1646 | D:1      | Learned a level 3 spell: Mephitic Cloud
  1745 | D:2      | Reached skill level 1 in Air Magic
  2699 | D:2      | Reached XP level 4. HP: 18/18 MP: 3/8
  3020 | D:3      | hmmm
  3448 | D:3      | Found a glowing golden altar of the Shining One.
  3907 | D:3      | Reached XP level 5. HP: 21/21 MP: 6/10
  4140 | D:4      | Found a staircase to the Ecumenical Temple.
  4249 | D:3      | Learned a level 4 spell: Olgreb's Toxic Radiance
  4833 | D:5      | Entered Level 5 of the Dungeon
  4889 | Temple   | Entered the Ecumenical Temple
  5075 | Temple   | Became a worshipper of Warmaster Okawaru
  5179 | D:5      | Found Cuilithest's Jewellery Boutique.
  5766 | D:5      | Found the +8 frozen axe "Frostbite" {freezing cloud, *Noise
                  | +Fly rC+}
  5807 | D:5      | Reached skill level 1 in Evocations
  5807 | D:5      | Gained mutation: You are covered in thick fur. (AC +2)
                  | [Felid growth]
  5807 | D:5      | Reached XP level 6. HP: 24/24 MP: 7/11
  5971 | D:5      | Found a basalt altar of Yredelemnul.
  6411 | D:6      | Reached skill level 1 in Unarmed Combat
  6470 | D:6      | Noticed an orc warrior
  6495 | D:6      | Killed an orc warrior
  6605 | D:6      | Reached XP level 7. HP: 27/27 MP: 9/12
  6641 | D:6      | Found a blossoming altar of Fedhas.
  6641 | D:6      | Found an ancient bone altar of Kikubaaqudgha.
  6644 | D:6      | Found an opulent altar of Gozag.
  6645 | D:6      | Found a hide-covered altar of Uskayaw.
  6645 | D:6      | Found a shattered altar of Ashenzari.
  6646 | D:6      | Found a burning altar of Makhleb.
  6972 | D:6      | Got a scorched chain mail
  7298 | D:6      | Reached * piety under Okawaru
  7474 | D:7      | Noticed Joseph
  7525 | D:7      | Found a flagged portal.
  7544 | D:7      | risky
  7545 | Bailey   | Entered a bailey
  7722 | Bailey   | shhh
  7734 | Bailey   | Reached skill level 5 in Unarmed Combat
  7742 | Bailey   | Reached XP level 8. HP: 9/31 MP: 0/13
  8107 | D:7      | Found Nelynk's Distillery.
  8107 | D:7      | Noticed Harold
  8652 | D:7      | Bought a potion of magic for 88 gold pieces
  8652 | D:7      | Bought 2 potions of invisibility for 176 gold pieces
  8652 | D:7      | Bought a potion of agility for 44 gold pieces
  8652 | D:7      | Bought 2 potions of haste for 220 gold pieces
  8652 | D:7      | Bought a potion of curing for 33 gold pieces
  8652 | D:7      | Bought a potion of haste for 110 gold pieces
  8658 | D:7      | Reached skill level 3 in Dodging
  8752 | D:7      | Reached skill level 1 in Fighting
  8907 | D:7      | Found a glowing golden altar of the Shining One.
  8972 | D:7      | Noticed Dowan
  9044 | D:7      | Reached ** piety under Okawaru
  9044 | D:7      | Reached skill level 4 in Dodging
  9122 | D:7      | Shot with a sling bullet by Joseph
  9123 | D:7      | Reached XP level 7. HP: -6/30 MP: 6/12
  9123 | D:7      | crap
  9135 | D:7      | Killed Harold
  9135 | D:7      | Reached skill level 7 in Dodging
  9135 | D:7      | Reached XP level 8. HP: 36/36 MP: 10/13
  9216 | D:7      | Killed Joseph
  9216 | D:7      | Reached *** piety under Okawaru
  9216 | D:7      | Reached skill level 5 in Fighting
  9260 | D:7      | Reached skill level 8 in Dodging
  9483 | D:7      | Reached XP level 9. HP: 31/41 MP: 4/14
  9635 | D:7      | Killed Dowan
  9668 | D:7      | Noticed Duvessa
  9833 | D:7      | Killed Duvessa
  9887 | D:8      | Found a runed door.
  9888 | D:8      | Noticed Jaiteiro's ghost (novice HaHu)
  9898 | D:8      | Found a sand-covered staircase.
  9987 | Ossuary  | Entered an ossuary
 10063 | Ossuary  | Reached skill level 9 in Dodging
 10595 | D:8      | Noticed a two-headed ogre
 10611 | D:8      | Noticed Psyche
 10786 | D:7      | Killed a two-headed ogre
 10786 | D:7      | Reached **** piety under Okawaru
 10916 | D:8      | Noticed Erica
 11092 | D:7      | Learned a level 5 spell: Venom Bolt
 11097 | D:8      | Reached skill level 1 in Conjurations
 11211 | D:8      | gaaaah
 11541 | D:8      | Noticed a two-headed ogre
 11563 | D:8      | Killed a two-headed ogre
 11563 | D:8      | Reached ***** piety under Okawaru
 11563 | D:8      | Reached skill level 5 in Poison Magic
 11563 | D:8      | Reached XP level 10. HP: 47/47 MP: 14/16
 11770 | D:8      | Killed Erica
 11782 | D:8      | Found a sparkling altar of Nemelex Xobeh.
 11788 | D:8      | Found a white marble altar of Elyvilon.
 11890 | D:8      | Found a shadowy altar of Dithmenos.
 12092 | D:8      | Found a sparkling altar of Nemelex Xobeh.
 12093 | D:8      | Found a white marble altar of Elyvilon.
 12113 | D:8      | Found a shadowy altar of Dithmenos.
 12183 | D:8      | Found a runed door.
 12621 | D:8      | Found a shadowy altar of Dithmenos.
 12641 | D:8      | Found a white marble altar of Elyvilon.
 12644 | D:8      | Found a sparkling altar of Nemelex Xobeh.
 13310 | D:9      | Reached skill level 5 in Conjurations
 13365 | D:9      | Found a staircase to the Lair.
 14137 | D:9      | Noticed a brown ugly thing
 14186 | D:9      | Killed a brown ugly thing
 14407 | D:10     | Entered Level 10 of the Dungeon
 14664 | D:10     | Reached XP level 11. HP: 50/50 MP: 17/17
 15700 | D:10     | Noticed an unseen horror
 15716 | D:10     | Killed an unseen horror
 16593 | D:10     | Found a staircase to the Orcish Mines.
 17053 | D:10     | Found a huge runed gate.
 17053 | D:10     | Found a huge runed gate.
 17053 | D:10     | Found a huge runed gate.
 17053 | D:10     | Found a huge runed gate.
 17217 | Lair:1   | Entered Level 1 of the Lair of Beasts
 17541 | D:9      | Learned a level 2 spell: Blink
 18021 | Lair:1   | Reached ****** piety under Okawaru
 18831 | Lair:2   | hmmm
 19268 | Lair:2   | Found a staircase to the Shoals.
 19459 | Lair:2   | Reached skill level 5 in Spellcasting
 19597 | Lair:2   | Noticed a four-headed hydra
 19621 | Lair:2   | Killed a four-headed hydra
 19788 | Lair:2   | Gained mutation: Your thick and shaggy fur keeps you warm.
                  | (AC +3, rC+) [Felid growth]
 19788 | Lair:2   | Reached XP level 12. HP: 54/54 MP: 17/20
 19825 | Lair:2   | oh
 20832 | Lair:3   | Reached skill level 5 in Invocations
 22361 | Lair:4   | Noticed a catoblepas
 22817 | Lair:4   | Killed a catoblepas
 23072 | Lair:4   | Noticed a four-headed hydra
 23303 | Lair:4   | Noticed an entropy weaver
 23482 | Lair:4   | Killed an entropy weaver
 23482 | Lair:4   | Reached skill level 10 in Dodging
 23627 | Lair:4   | Noticed a queen ant
 23649 | Lair:4   | Killed a queen ant
 23735 | Lair:4   | Noticed an entropy weaver
 23795 | Lair:4   | Killed an entropy weaver
 23795 | Lair:4   | Reached XP level 13. HP: 58/58 MP: 21/21
 23932 | Lair:4   | Found a hole to the Spider Nest.
 24319 | Lair:4   | Reached skill level 11 in Dodging
 24828 | Lair:4   | Learned a level 1 spell: Confusing Touch
 24832 | Lair:4   | Learned a level 3 spell: Ignite Poison
 24832 | Lair:4   | oh
 25350 | Lair:5   | Reached skill level 1 in Hexes
 25553 | Lair:5   | Learned a level 1 spell: Magic Dart
 27212 | Lair:5   | Found a staircase to the Slime Pits.
 27696 | Lair:5   | Reached skill level 12 in Dodging
 30063 | Lair:5   | Slain by a slime creature
 30064 | Lair:5   | Reached XP level 12. HP: -3/57 MP: 29/29
 30073 | Lair:5   | wtf
 30370 | Lair:5   | Noticed a five-headed hydra
 30402 | Lair:4   | Killed a five-headed hydra
 31215 | Lair:5   | Reached XP level 13. HP: 60/61 MP: 16/21
 31231 | Lair:5   | Reached skill level 10 in Unarmed Combat
 31273 | Lair:6   | Entered Level 6 of the Lair of Beasts
 31474 | Lair:5   | Quit the game

Skill      XL: |  1  2  3  4  5  6  7  8  9 10 11 12 13 |
---------------+----------------------------------------+-----
Poison Magic   | 3 4 5 7 9 |  9.6
Air Magic      | 1 2 |  2.7
Spellcasting   | 3 5 |  5.2
Evocations     | 1 2 |  2.0
Unarmed Combat | 3 5 7 8 10 | 10.0
Invocations    | 3 4 9 |  9.3
Dodging        | 7 8 9 10 12 | 12.8
Fighting       | 4 5 7 9 |  9.8
Conjurations   | 2 5 8 |  8.5
Hexes          | 4 |  4.5
Stealth        | |  2.6

Action                   |  1- 3 |  4- 6 |  7- 9 | 10-12 | 13-15 || total
-------------------------+-------+-------+-------+-------+-------++-------
Melee: Unarmed           |    16 |    47 |   149 |   403 |   288 ||   903
       Bite              |       |     7 |     8 |    35 |    32 ||    82
       Punch             |       |       |     3 |    18 |    11 ||    32
 Cast: Sting             |    24 |       |       |       |       ||    24
       Poisonous Vapours |    44 |    78 |   122 |   288 |   116 ||   648
       Mephitic Cloud    |       |     1 |       |       |       ||     1
       Olgreb's Toxic Ra |       |       |     7 |    61 |    46 ||   114
       Venom Bolt        |       |       |       |     6 |       ||     6
       Confusing Touch   |       |       |       |     3 |    53 ||    56
       Magic Dart        |       |       |       |       |     5 ||     5
Invok: Heroism           |       |       |     7 |    23 |    16 ||    46
       Finesse           |       |       |       |     2 |     3 ||     5
Evoke: Wand              |       |       |     6 |    12 |    12 ||    30
       Phial of floods   |       |       |       |     1 |       ||     1
       Box of beasts     |       |       |       |     1 |     2 ||     3
       Fan of gales      |       |       |       |       |     1 ||     1
  Use: Scroll            |     8 |     8 |     3 |     2 |       ||    21
       Potion            |       |       |     5 |     6 |     1 ||    12
 Stab: Sleeping          |     4 |       |     2 |     1 |       ||     7
       Paralysed         |       |       |     4 |     2 |       ||     6
       Distracted        |       |       |     1 |       |       ||     1
       Petrified         |       |       |       |     3 |       ||     3
       Confused          |       |       |       |     2 |    18 ||    20
  Eat: Chunk             |    13 |    12 |    21 |    48 |    24 ||   118
Armor: Skin              |     4 |     4 |    94 |    14 |     7 ||   123
Dodge: Dodged            |    18 |    40 |   210 |   443 |   287 ||   998
